 Dungeon Crawl Stone Soup version 0.29.1-12-g30fa7ad0bf (webtiles) character file.

Game seed: 17843195908182184408

24 hawla the Chiller (level 3, -1/26 HPs)
             Began as a Meteoran Ice Elementalist on Dec 12, 2022.
             Slain by a hound (2 damage)
             ... on level 4 of the Dungeon.
             The game lasted 00:02:30 (232 turns).

hawla the Chiller (Meteoran Ice Elementalist)        Turns: 232, Time: 00:02:31

Health: -1/26      AC:  2    Str:  9    XL:     3   Next: 32%
Magic:  8/8        EV: 12    Int: 18    God:
Gold:   3          SH:  0    Dex: 15    Spells: 7/8 levels left

rFire   . . .      SeeInvis .   f - staff of cold
rCold   + . .      Faith    .   (no shield)
rNeg    . . .      Spirit   .   a - +0 robe
rPois   .          Reflect  .   (no helmet)
rElec   .          Harm     .   (no cloak)
rCorr   .          Rampage  .   (no gloves)
Will    .....                   (no boots)
Stlth   +.........              (no amulet)
HPRegen 0.08/turn               (no ring)
MPRegen 0.11/turn               (no ring)

@: lethally poisoned (-1 -> -6), about to teleport, glowing
A: sense surroundings 1, otherworldly, glowing, explore regen
a: no special abilities


You were on level 4 of the Dungeon.
You visited 1 branch of the dungeon, and saw 4 of its levels.

You collected 45 gold pieces.
You spent 42 gold pieces at shops.

Inventory:

Armour
 a - a +0 robe (worn)
Magical Staves
 f - a staff of cold (weapon)
Jewellery
 e - a ring of wizardry
Wands
 b - a wand of mindburst (12)
Scrolls
 d - a scroll of blinking {unknown}
 g - a scroll of identify {unknown}
 h - a scroll of fog {unknown}
Potions
 i - a potion of curing {unknown}
 k - a potion of degeneration {unknown}


   Skills:
 + Level 0.1 Fighting
 + Level 0.3 Staves
 + Level 2.6 Dodging
 - Level 1.4 Stealth
 + Level 3.1 Spellcasting
 + Level 5.0 Ice Magic


You had 7 spell levels left.
You knew the following spells:

 Your Spells              Type           Power      Damage    Failure   Level
a - Freeze                Ice            100%       1d11      1%          1

Your spell library contained the following spells:

 Spells                   Type           Power      Damage    Failure   Level
 Frozen Ramparts          Ice            62%        1d10      6%          3
 Ozocubu's Armour         Ice            31%        N/A       6%          3
 Hailstorm                Conj/Ice       17%        3d6       50%         4


Dungeon Overview and Level Annotations

Branches:
Dungeon (4/15) Zot: 2166
 Temple: D:4-7

Altars:

Shops:
D:3 ?


Innate Abilities, Weirdness & Mutations

You passively map a small area around you.
You are easily found by Zot.
You glow in the dark.
You regain HP and MP as you explore.


Message History

The scorpion attacks as you move away! The scorpion barely misses you.
The giant cockroach waves its antennae.
Found a crooked bronze wand.
The scorpion closely misses you. The scorpion attacks as you move away!
The scorpion stings you but does no damage.
The scorpion attacks as you move away! The scorpion barely misses you.
You see here a wand of mindburst (12).
You aren't carrying any items that you can evoke.
b - a wand of mindburst (12)
The scorpion stings you but does no damage.
The scorpion stings you.
* * * LOW HITPOINT WARNING * * *
The scorpion attacks as you move away! The scorpion stings you.
* * * LOW HITPOINT WARNING * * *
The scorpion attacks as you move away!
The scorpion stings you but does no damage.
The scorpion closely misses you.
A scorpion comes into view.
Found 11 gold pieces.
A hound and a goblin come into view.
Found a flail.
The scorpion stings you but does no damage.
The scorpion barely misses you. The scorpion attacks as you move away!
The scorpion misses you. The scorpion attacks as you move away!
The scorpion stings you.
You are lethally poisoned!
The scorpion poisons you!
You feel very sick.
The scorpion stings you but does no damage.
The scorpion attacks as you move away! The scorpion stings you.
* * * LOW HITPOINT WARNING * * *
Found 5 stones.
* * * LOW HITPOINT WARNING * * *
You feel sick. The hound bites you but does no damage.
As you read the scroll of teleportation, it crumbles to dust.
You feel strangely unstable.
* * * LOW HITPOINT WARNING * * *
You feel sick. The hound barely misses you. The hound bites you.
You die...

, ####.... #... .... ,
#........, ,* * *
#..#.g).. * , ,
,......... * #..#..... *
* * #........
####@.....#. ,
####..hss...$.. . , *
.......g#......#. ,
####.##.........# *
#(*#B##.#..... , , , ,,,
#, #g# .#*.#.# , ,
#.#*.## #.# ,, ,
*###.##K##.##.#.#* .###
,............#.#<###...#.


You could see 2 scorpions, a hound, 2 gnolls, a giant cockroach and a kobold.

Vanquished Creatures
  A gnoll (D:4)
  5 bats
  A giant cockroach (D:1)
  2 hobgoblins
  2 ball pythons
  A kobold (D:2)
  A rat (D:1)
13 creatures vanquished.

Vanquished Creatures (others)
  23 plants (D:4)
23 creatures vanquished.

Grand Total: 36 creatures vanquished

Notes
Turn   | Place    | Note
-------+----------+-------------------------------------------
     0 | D:1      | hawla the Meteoran Ice Elementalist began the quest for the
                  | Orb.
     0 | D:1      | Reached XP level 1. HP: 14/14 MP: 5/5
    35 | D:1      | Noticed a great orb of eyes
    37 | D:1      | Found a faded altar of an unknown god.
    53 | D:1      | Reached XP level 2. HP: 17/20 MP: 4/6
   136 | D:3      | Found Poerid's Magic Scroll Boutique.
   145 | D:3      | Bought a scroll of teleportation for 42 gold pieces
   190 | D:4      | Noticed a scorpion
   199 | D:4      | Reached skill level 5 in Ice Magic
   199 | D:4      | Reached XP level 3. HP: 14/26 MP: 1/8
   227 | D:4      | Noticed a scorpion
   232 | D:4      | HP: 1/26 [poisoned by a scorpion]
   232 | D:4      | Slain by a hound

Illustrated notes

Levels and vault maps discovered:
D:1:      lordsloth_arrival_two_stooges, layout_rooms,
          hellmonk_ecumenical_altar_watching_god
D:2:      layout_basic, kennysheep_cross_room
D:3:      layout_rooms, kennysheep_ying_yang,
          chequers_temple_overflow_minitemple, serial_glass, glass_columns_a,
          glass_columns_b, serial_shops, nicolae_shop_stone
D:4:      layout_loops_ring, amcnicky_mini_corridor_feature,
          nicolae_grassy_gnolls, uniq_blork_the_orc, uniq_crazy_yiuf_cottage

Skill      XL: |  1  2 |
---------------+-------+-----
Spellcasting   | 3 |  3.1
Ice Magic      | 5 |  5.0
Fighting       | |  0.1
Staves         | |  0.3
Dodging        | |  2.6
Stealth        | |  1.4

Action                   || total
-------------------------++-------
Melee: Unarmed           ||     5
       Staff             ||     9
 Cast: Freeze            ||    20
  Use: Scroll            ||     2
       Potion            ||     1
Armor: Robe              ||    17
Dodge: Dodged            ||    40
